 Dungeon Crawl Stone Soup version 0.19.1 (webtiles) character file.

17 KingBobo974 the Grave Robber (level 2, -1/19 HPs)
             Began as a Mummy Necromancer on Dec 12, 2016.
             Slain by an adder (3 damage)
             ... on level 1 of the Dungeon.
             The game lasted 00:05:39 (1263 turns).

KingBobo974 the Grave Robber (Mummy Necromancer)    Turns: 1263, Time: 00:05:40

Health: -1/19      AC:  2    Str: 11    XL:     2   Next: 44%
Magic:  3/5        EV: 12    Int: 14    God:
Gold:   26         SH:  0    Dex: 12    Spells: 2 memorised, 3 levels left

rFire  x . .     SeeInvis .     f - +0 dagger
rCold  + . .     Gourm    .     a - +0 robe
rNeg   + + +     Faith    .     (no shield)
rPois  ∞         Spirit   .     (no helmet)
rElec  .         Reflect  .     (no cloak)
rCorr  .         Harm     .     (no gloves)
MR     .....                    (no boots)
Stlth  ++........               (no amulet)
                                (no ring)
                                (no ring)

@: no status effects
A: no food or potions, fire vulnerability, cold resistance 1, negative energy
resistance 3, torment resistance, unbreathing
a: no special abilities


You were on level 1 of the Dungeon.
You were not hungry.

You visited 1 branch of the dungeon, and saw 1 of its levels.

You collected 26 gold pieces.

Inventory:

Hand Weapons
 f - a +0 dagger (weapon)
Armour
 a - a +0 robe (worn)
Scrolls
 c - a scroll of remove curse {unknown}
 d - a scroll of recharging {unknown}
 e - a scroll of identify {unknown}
Books
 b - a book of Necromancy

   Spells                             Type                      Level
   a - Pain                           Necromancy                   1
   b - Animate Skeleton               Necromancy                   1
   c - Vampiric Draining              Necromancy                   3
   d - Regeneration                   Charms/Necromancy            3
   e - Animate Dead                   Necromancy                   4
   f - Control Undead                 Necromancy                   4


   Skills:
 - Level 1.6 Dodging
 - Level 1.5 Stealth
 * Level 2.1 Spellcasting
 * Level 4.5 Necromancy


You had 3 spell levels left.
You knew the following spells:

 Your Spells              Type           Power        Failure   Level  Hunger
a - Pain                  Necr           ##..         3%          1    N/A
b - Animate Skeleton      Necr           N/A          3%          1    N/A

Dungeon Overview and Level Annotations

Branches:
Dungeon (1/15)

Altars:


Innate Abilities, Weirdness & Mutations

You do not eat or drink.
Your flesh is vulnerable to fire.
You are immune to poison.
Your flesh is cold resistant. (rC+)
You are immune to negative energy. (rN+++)
You are immune to unholy pain and torment.
You can survive without breathing.


Message History

You are too injured to fight recklessly!
You are too injured to fight recklessly!
Casting: Animate Skeleton
Confirm with . or Enter, or press ? or * to list all spells.
There is nothing here that can be animated!
Casting: Animate Skeleton
Confirm with . or Enter, or press ? or * to list all spells.
Aiming: Pain
Press: ? - help, Shift-Dir - straight line, f - adder
Aim: an adder (chance to defeat MR: 79%)
The adder barely resists.
The adder barely misses you. The adder bites you.
* * * LOW HITPOINT WARNING * * *
Unknown command.
Casting: Pain
Confirm with . or Enter, or press ? or * to list all spells.
Aiming: Pain
Press: ? - help, Shift-Dir - straight line, f/p - adder
Aim: an adder (chance to defeat MR: 79%)
The adder writhes in agony!
The adder bites you.
You die...

#....# #....# '....# #....##.###
##### #....####....##.#.. #....
.......##....##.#.# #....
...%.........##.#.### #(...
..........###.......# #....
.......(..###.......# ####.
..........##...S....+ #.
..........##....@...############.
..........##.....)..((>(.......+.
..........##.......##.......####.
#'##########.......##........>...
#.# #.......##..........#. #Z#
#.......##.###.######. #.#
#.......##.#......>.(. #Z#
##########.#.#.######. #.#
#.#.#.# #.


You could see an adder.

Vanquished Creatures
  A leopard gecko (D:1)
  5 bats (D:1)
  2 giant cockroaches (D:1)
  3 goblins (D:1)
  A hobgoblin (D:1)
  A kobold (D:1)
  A frilled lizard (D:1)
14 creatures vanquished.

Vanquished Creatures (collateral kills)
  A rat (D:1)
1 creature vanquished.

Grand Total: 15 creatures vanquished

Notes
Turn   | Place    | Note
-------+----------+-------------------------------------------
     0 | D:1      | KingBobo974 the Mummy Necromancer began the quest for the Orb.
     0 | D:1      | Reached XP level 1. HP: 13/13 MP: 3/3
    29 | D:1      | Learned a level 1 spell: Animate Skeleton
   433 | D:1      | Reached XP level 2. HP: 19/19 MP: 0/5
  1263 | D:1      | Slain by an adder

Action                   || total
-------------------------++-------
Melee: Unarmed           ||     5
       Dagger            ||    21
 Cast: Pain              ||    19
       Animate Skeleton  ||     3
 Stab: Sleeping          ||     1
Armor: Robe              ||     8
Dodge: Dodged            ||    26
